 Dungeon Crawl Stone Soup version 0.30-a0-989-g0d87f670db (webtiles) character file.

Game seed: 7815497550937282502

63107 leviel the Warrior (level 15, -8/130 (149) HPs)
             Began as a Hill Orc Fighter on Apr 3, 2023.
             Was the Champion of Okawaru.
             Mangled by Donald
             ... wielding a +0 eveningstar of draining
              (37 damage)
             ... on level 1 of the Snake Pit.
             The game lasted 00:36:49 (19236 turns).

leviel the Warrior (Hill Orc Fighter)              Turns: 19236, Time: 00:36:50

HP:   -8/130 (149)  AC: 29    Str: 27    XL:     15   Next: 8%
MP:   14/16         EV: 10    Int:  8    God:    Okawaru [******]
Gold: 2487          SH:  9    Dex: 16    Spells: 14/14 levels left

rFire   + + +      SeeInvis +    y - +7 scimitar of Cuophus {flame, Will+ rCorr Dex+3 SInv}
rCold   . . .      Faith    .    c - +0 buckler
rNeg    . . .      Spirit   .    G - +0 plate armour
rPois   +          Reflect  .    (no helmet)
rElec   .          Rampage  .    r - +2 cloak
rCorr   +                        f - +2 pair of gloves
Will    ++...                    h - +2 pair of boots Stlth
                                 m - amulet of regeneration
HPRegen 1.21/turn                e - ring "Neih" {Fly Will+ rCorr Dex+3}
MPRegen 0.15/turn                b - ring "Zefeaxaq" {rPois rF+++ Will- rCorr SInv}

@: mighty, lethally poisoned (-8 -> -9), heroic, flying, constricted, heavily
drained
A: no striking features
a: Renounce Religion, Heroism, Finesse, Duel


You were on level 1 of the Snake Pit.
You worshipped Okawaru.
Okawaru was exalted by your worship.
You visited 6 branches of the dungeon, and saw 21 of its levels.

You collected 2951 gold pieces.
You spent 464 gold pieces at shops.

Inventory:

Hand Weapons
 n - the +11 Singing Sword {sonic wave}
   (Okawaru gifted it to you on level 3 of the Lair of Beasts)
 y - the +7 scimitar of Cuophus (weapon) {flame, Will+ rCorr Dex+3 SInv}
   (You found it on level 5 of the Dungeon)

   Dex:       It affects your dexterity (+3).
   SInv:      It lets you see invisible.
   rCorr:     It protects you from acid and corrosion.
   Will:      It increases your willpower.
 J - a +2 broad axe
Missiles
 w - 4 throwing nets (quivered)
Armour
 a - a +3 plate armour of poison resistance
 c - a +0 buckler (worn)
 f - a +2 pair of gloves (worn)
 h - a +2 pair of boots (worn)
 r - a +2 cloak (worn)
 G - a +0 plate armour (worn)
 I - a +4 ring mail
 K - a +0 kite shield
Jewellery
 b - the ring "Zefeaxaq" (right hand) {rPois rF+++ Will- rCorr SInv}
   (You took it off Erolcha on level 1 of the Orcish Mines)

   [ring of resist corrosion]

   rF:        It renders you almost immune to fire.
   rPois:     It protects you from poison.
   SInv:      It lets you see invisible.
   rCorr:     It protects you from acid and corrosion.
   Will:      It decreases your willpower.
 e - the ring "Neih" (left hand) {Fly Will+ rCorr Dex+3}
   (You acquired it on level 1 of the Dungeon)

   [ring of flight]

   Dex:       It affects your dexterity (+3).
   Fly:       It grants you flight.
   rCorr:     It protects you from acid and corrosion.
   Will:      It increases your willpower.
 m - an amulet of regeneration (around neck)
 q - a +5 ring of evasion
 u - a +6 ring of strength
 A - a ring of positive energy
 B - a ring of fire {rF+ rC-}
 M - a ring of positive energy
 R - a +6 ring of dexterity
Wands
 d - a wand of mindburst (9)
 t - a wand of paralysis (18)
 x - a wand of flame (44)
 z - a wand of light (5)
 D - a wand of roots (24)
 F - a wand of polymorph (12)
 L - a wand of digging (4)
Scrolls
 i - a scroll of summoning
 k - 10 scrolls of identify {@r1}
 p - 4 scrolls of teleportation
 v - 3 scrolls of amnesia
 H - a scroll of fog
 N - a scroll of magic mapping {unknown}
 Q - a scroll of enchant armour {@r2}
Potions
 g - 5 potions of brilliance
 j - a potion of ambrosia
 l - 3 potions of lignification
 o - 2 potions of cancellation
 s - 3 potions of curing
 C - a potion of magic
 E - 2 potions of flight
 O - a potion of heal wounds


   Skills:
 + Level 18.2(23.2) Fighting
 - Level 16.0(21.0) Long Blades
 + Level 7.7(12.7) Axes
 + Level 12.4(17.4) Armour
 + Level 5.2(10.2) Dodging
 + Level 3.6(8.6) Stealth
 + Level 12.2(17.2) Shields
 + Level 1.9 Invocations


You had 14 spell levels left.
You didn't know any spells.
Your spell library contained the following spells:

 Spells                   Type           Power      Damage    Failure   Level
 Apportation              Tloc           0%         N/A       95%         1
 Kiss of Death            Conj/Necr      0%         2d5       95%         1
 Necrotise                Necr           0%         1d4       95%         1
 Blink                    Tloc           0%         N/A       99%         2
 Ensorcelled Hibernation  Hex/Ice        0%         N/A       99%         2
 Lesser Beckoning         Tloc           0%         N/A       99%         2
 Momentum Strike          Conj/Tloc      0%         3d8       99%         2
 Passwall                 Tmut/Erth      0%         N/A       99%         2
 Confusing Touch          Hex            0%         N/A       100%        3
 Gell's Gravitas          Tloc           0%         N/A       100%        3
 Swiftness                Air            0%         N/A       100%        3
 Teleport Other           Tloc           0%         N/A       100%        3
 Dispel Undead            Necr           0%         3d6       100%        4
 Manifold Assault         Tloc           0%         N/A       100%        4
 Storm Form               Tmut/Air       0%         N/A       100%        7
 Summon Small Mammal      Summ           Unusable   N/A       N/A         1
 Summon Forest            Summ/Tloc      Unusable   N/A       N/A         5
 Summon Mana Viper        Hex/Summ       Unusable   N/A       N/A         5
 Summon Cactus Giant      Summ           Unusable   N/A       N/A         6

Dungeon Overview and Level Annotations

Branches:
Dungeon (10/15)            Temple (1/1) D:7            Lair (5/5) D:9
 Shoals (0/4) Lair:3        Snake (2/4) Lair:3        Slime (0/5) Lair:4
    Orc (2/2) D:9             Elf (1/3) Orc:2

Altars:
Ashenzari
Cheibriados
Dithmenos
Elyvilon
Fedhas
Gozag
Hepliaklqana
Kikubaaqudgha
Makhleb
Nemelex Xobeh
Okawaru
Qazlal
Ru
Sif Muna
Trog
Uskayaw
Vehumet
Wu Jian
Xom
Yredelemnul
Zin
The Shining One
Beogh
Jiyva

Shops:
D:6 *   D:7 (   D:9 !   Orc:1 :=   Orc:2 ([*(:

Annotations:
Snake:1 Donald


Message History

Donald hits you with a +0 eveningstar of draining!
You feel drained.
The black mamba bites you but does no damage.
The anaconda bites you but does no damage.
The anaconda constricts you.
A mana viper comes into view.
Donald hits you with a +0 eveningstar of draining!
* * * LOW HITPOINT WARNING * * *
You feel drained.
* * * LOW HITPOINT WARNING * * *
Donald blocks your attack.
Donald is heavily wounded.
You feel sick.
The mana viper hisses angrily.
The black mamba bites you but does no damage.
The anaconda bites you but does no damage.
The anaconda constricts you.
The black mamba bites you but does no damage.
The anaconda bites you but does no damage.
The anaconda constricts you.
* * * LOW HITPOINT WARNING * * *
Donald says, "Oh, hey!
I could use a new shield.
Have you got any spares?" Donald hits you but does no damage.
You feel drained.
You closely miss Donald.
Donald is heavily wounded.
You feel sick.
The black mamba bites you but does no damage.
A mana viper comes into view.
The anaconda bites you but does no damage.
The anaconda constricts you.
* * * LOW HITPOINT WARNING * * *
You block Donald's attack.
The mana viper hisses angrily.
You hit Donald. You burn Donald.
Donald is severely wounded.
The black mamba misses you. The anaconda barely misses you.
The anaconda constricts you.
Donald says, "They wouldn't let me join their adventuring club without the Orb."
Donald hits you with a +0 eveningstar of draining!!!
You die...

.#...##.##..# .
##)..#...#.N###### ..
#........#.N.....###..S
....##...#...N........
....#...##.#.....S#..
..#.#...#..##.....#
###... #........N#
......#...#####S##.##
...###..##..@@SN...#
.### ##.#......S....# #
#.......#.N...
####.####..... .. #...
... ... .... #. ....


You could see Donald (fast, strong, reflecting), a naga warrior, a naga
sharpshooter, an anaconda, 2 mana vipers, a black mamba and a naga.

Vanquished Creatures
  An orc warlord (Orc:1)
  A dire elephant (Lair:5)
  2 hydras
  Harold (Lair:1)
  Erolcha (Orc:1)
  A catoblepas (Lair:5)
  An anaconda (Snake:1)
  4 death yaks (Lair:5)
  A deep troll shaman (Lair:5)
  7 two-headed ogres
  An orc high priest (Orc:2)
  A deep elf knight (Orc:2)
  A naga sharpshooter (Snake:1)
  Nergalle (Orc:2)
  2 skysharks
  A naga ritualist (Snake:1)
  4 orc knights
  6 mana vipers (Snake:1)
  2 orc sorcerers (Orc:2)
  2 cyclopes
  A salamander (Snake:1)
  21 elephants
  A guardian serpent (Snake:1)
  5 black mambas
  4 naga magi (Snake:1)
  10 cane toads
  A gargoyle (D:10)
  3 kobold demonologists
  Psyche (D:8)
  8 komodo dragons
  2 rime drakes
  A polar bear (Lair:3)
  4 trolls
  Grinder (D:6)
  11 blink frogs
  7 dream sheep (Lair:4)
  A slime creature (Lair:3)
  2 wyverns
  32 yaks
  A vampire (D:10)
  3 basilisks
  Eustachio (D:6)
  Grum (Lair:1)
  3 steam dragons
  An acid dragon (D:9)
  2 two-headed ogre zombies (Orc:1)
  6 nagas
  Edmund (D:5)
  4 wargs
  Duvessa (D:4)
  8 water moccasins
  3 black bears
  26 orc warriors
  20 ogres
  25 wolves
  5 centaurs
  2 phantoms
  3 kobold brigands
  A gnoll sergeant (D:7)
  8 bullfrogs
  6 scorpions
  Dowan (D:4)
  3 wights (D:8)
  6 killer bees
  4 electric eels (Lair:2)
  8 howler monkeys
  7 jellies
  15 orc priests
  5 hounds
  9 iguanas
  19 orc wizards
  3 gnolls (D:8)
  9 adders
  2 shadow imps
  A white imp (D:6)
  2 ufetubi (D:6)
  5 worms
  4 dart slugs
  69 orcs
  5 endoplasms
  2 giant cockroaches
  15 goblins
  5 hobgoblins
  2 jackals (D:5)
  5 quokkas
  4 bats
  4 frilled lizards
  11 kobolds
  4 rats
517 creatures vanquished.

Vanquished Creatures (others)
  2 orcs
  A bush (Lair:3)
  29 fungi
  53 plants
85 creatures vanquished.

Grand Total: 602 creatures vanquished

Notes
Turn   | Place    | Note
-------+----------+-------------------------------------------
     0 | D:1      | leviel the Hill Orc Fighter began the quest for the Orb.
     0 | D:1      | Reached XP level 1. HP: 19/19 MP: 1/1
   131 | D:1      | Reached XP level 2. HP: 21/27 MP: 2/2
   421 | D:1      | Identified a scroll of acquirement
   421 | D:1      | Acquired the ring "Neih" {Fly Will+ rCorr Dex+3}
   532 | D:2      | Reached skill level 4 in Fighting
   609 | D:2      | Reached XP level 3. HP: 33/33 MP: 3/3
   966 | D:2      | Reached XP level 4. HP: 36/40 MP: 4/4
  1353 | D:3      | Acquired a manual of Fighting
  1355 | D:3      | Acquired 931 gold pieces
  1783 | D:3      | Reached XP level 5. HP: 39/47 MP: 5/5
  1792 | D:3      | Reached skill level 5 in Fighting
  1979 | D:4      | Found an ancient bone altar of Kikubaaqudgha.
  2031 | D:4      | Noticed a black bear
  2046 | D:4      | Killed a black bear
  2047 | D:4      | Reached XP level 6. HP: 35/57 MP: 6/6
  2131 | D:4      | You are sucked into a shaft and drop 3 floors!
  2193 | D:7      | Reached skill level 6 in Fighting
  2193 | D:7      | Reached skill level 5 in Axes
  2297 | D:7      | Found Ifiojon's Antique Weapon Boutique.
  2345 | D:7      | Reached skill level 5 in Armour
  2345 | D:7      | Reached skill level 5 in Shields
  2459 | D:7      | Reached XP level 7. HP: 62/64 MP: 7/7
  2813 | D:7      | Reached skill level 7 in Fighting
  3094 | D:7      | Found a staircase to the Ecumenical Temple.
  3354 | D:6      | Noticed Grinder
  3360 | D:6      | Paralysed by Grinder for 5 turns
  3367 | D:6      | Killed Grinder
  3368 | D:6      | Reached XP level 8. HP: 33/74 MP: 8/8
  3561 | D:6      | Reached skill level 8 in Fighting
  3562 | D:6      | Noticed Edmund
  3580 | D:5      | Entered Level 5 of the Dungeon
  3588 | D:5      | Killed Edmund
  3860 | D:5      | Found an opulent altar of Gozag.
  4283 | D:5      | Reached skill level 9 in Fighting
  4347 | D:5      | Noticed Dowan
  4348 | D:5      | Noticed Duvessa
  4510 | D:4      | Killed Duvessa
  4525 | D:4      | Killed Dowan
  4790 | D:4      | Found a snail-covered altar of Cheibriados.
  5428 | D:5      | Reached XP level 9. HP: 85/85 MP: 9/9
  5520 | D:5      | Identified the +7 scimitar of Cuophus {flame, Will+ rCorr
                  | Dex+3 SInv}
  5632 | D:5      | Reached skill level 1 in Long Blades
  5765 | D:5      | Found a hazy altar of Hepliaklqana.
  5932 | D:6      | Reached skill level 10 in Fighting
  6085 | D:6      | Found a white marble altar of Elyvilon.
  6240 | D:6      | Noticed Eustachio
  6305 | D:6      | Killed Eustachio
  6398 | D:6      | Found Ysau's Neck Hole.
  6598 | Temple   | Entered the Ecumenical Temple
  6722 | Temple   | Became a worshipper of Warmaster Okawaru
  7367 | D:8      | Noticed Psyche
  7417 | D:8      | Killed Psyche
  7418 | D:8      | Reached skill level 11 in Fighting
  7600 | D:8      | Reached * piety under Okawaru
  7641 | D:8      | Reached skill level 5 in Long Blades
  7659 | D:8      | Found a glowing golden altar of the Shining One.
  7917 | D:9      | Noticed a kobold demonologist
  7932 | D:9      | Killed a kobold demonologist
  7933 | D:9      | Reached XP level 10. HP: 72/96 MP: 10/10
  8082 | D:9      | Found Huxkoah's Distillery.
  8119 | D:9      | Reached skill level 1 in Dodging
  8339 | D:9      | Bought a potion of might for 64 gold pieces
  8339 | D:9      | Bought a potion of curing for 48 gold pieces
  8491 | D:9      | Found a glowing silver altar of Zin.
  8508 | D:9      | Found a staircase to the Orcish Mines.
  8538 | D:9      | Reached ** piety under Okawaru
  8576 | D:10     | Entered Level 10 of the Dungeon
  9007 | D:10     | Reached skill level 12 in Fighting
  9009 | D:10     | Reached *** piety under Okawaru
  9206 | D:9      | Found a staircase to the Lair.
  9334 | D:10     | Reached XP level 11. HP: 103/104 MP: 11/11
  9342 | D:10     | Reached skill level 10 in Long Blades
  9472 | D:10     | Reached **** piety under Okawaru
 10012 | D:10     | Noticed a two-headed ogre
 10020 | D:10     | Killed a two-headed ogre
 10143 | D:10     | Found a broken altar of Ashenzari.
 10145 | D:10     | Found a shadowy altar of Dithmenos.
 10147 | D:10     | Found a stormy altar of Qazlal.
 10254 | Lair:1   | Entered Level 1 of the Lair of Beasts
 10535 | Lair:1   | You are sucked into a shaft and drop 1 floor!
 10840 | Lair:2   | Reached skill level 1 in Invocations
 10966 | Lair:2   | Noticed a skyshark
 10976 | Lair:2   | Killed a skyshark
 11080 | Lair:2   | Reached ***** piety under Okawaru
 11099 | Lair:2   | Reached skill level 13 in Fighting
 11155 | Lair:2   | Identified the +2 long sword "Umuu" {heavy, rF+ rC- Str+3}
                  | (Okawaru gifted it to you on level 2 of the Lair of Beasts)
 11155 | Lair:2   | Received a gift from Okawaru
 11601 | Lair:2   | Reached XP level 12. HP: 82/115 MP: 13/13
 12258 | Lair:3   | Found a staircase to the Shoals.
 12598 | Lair:3   | Found a staircase to the Snake Pit.
 12802 | Lair:3   | Received a gift from Okawaru
 12802 | Lair:3   | Found the +11 Singing Sword {sonic wave}
 12803 | Lair:3   | Reached skill level 14 in Fighting
 12825 | Lair:3   | Reached skill level 1 in Stealth
 13265 | Lair:4   | Reached skill level 15 in Fighting
 13558 | Lair:1   | Reached skill level 10 in Shields
 13570 | Lair:1   | Noticed Grum
 13577 | Lair:1   | Killed Grum
 14022 | Lair:1   | Noticed Harold
 14037 | Lair:1   | Killed Harold
 14055 | Lair:1   | Received a gift from Okawaru
 14056 | Lair:1   | Reached skill level 10 in Armour
 14056 | Lair:1   | Reached XP level 13. HP: 127/127 MP: 14/14
 14316 | Orc:1    | Entered Level 1 of the Orcish Mines
 14316 | Orc:1    | Found a roughly hewn altar of Beogh.
 14372 | Orc:1    | Found Xiefra's Book Shoppe.
 14696 | Orc:1    | Found Ynuhoo's Jewellery Shoppe.
 14863 | Orc:1    | Reached skill level 16 in Fighting
 14946 | Orc:1    | Identified the ring "Zefeaxaq" {rPois rF+++ Will- rCorr
                  | SInv}
 14946 | Orc:1    | Noticed Erolcha
 14966 | Orc:1    | Killed Erolcha
 14976 | Orc:1    | Reached ****** piety under Okawaru
 15096 | Orc:2    | Entered Level 2 of the Orcish Mines
 15214 | Orc:2    | Received a gift from Okawaru
 15228 | Orc:2    | Noticed an orc warlord
 15386 | Orc:1    | Killed an orc warlord
 15387 | Orc:1    | Reached skill level 15 in Long Blades
 15473 | Orc:2    | Reached skill level 5 in Dodging
 15490 | Orc:2    | Noticed Nergalle
 15549 | Orc:2    | Killed Nergalle
 15649 | Orc:2    | Found a staircase to the Elven Halls.
 15671 | Orc:2    | Found a roughly hewn altar of Beogh.
 15671 | Orc:2    | Found Xasissaawk's Antique Weapon Shoppe.
 15859 | Orc:2    | Found Rino's Weapon Emporium.
 15893 | Orc:2    | Received a gift from Okawaru
 15989 | Orc:2    | Found Wolor's Antique Armour Shoppe.
 16032 | Orc:2    | Found Fuocsiz's Book Shoppe.
 16048 | Orc:2    | Found Daurom's General Store.
 16055 | Orc:2    | Bought a wand of digging (6) for 352 gold pieces
 16339 | Lair:3   | Reached XP level 14. HP: 87/138 MP: 15/15
 16675 | Lair:4   | Found a viscous altar of Jiyva.
 16676 | Lair:4   | Found a staircase to the Slime Pits.
 16745 | Lair:4   | Reached skill level 17 in Fighting
 17233 | Lair:5   | Entered Level 5 of the Lair of Beasts
 17698 | Lair:5   | Identified the +0 ring mail of Jolowor {+Blink +Inv rCorr}
                  | (Okawaru gifted it to you on level 5 of the Lair of Beasts)
 17698 | Lair:5   | Received a gift from Okawaru
 17813 | Lair:5   | Noticed a dire elephant
 17829 | Lair:5   | Killed a dire elephant
 17863 | Lair:5   | Identified the +2 scale mail of the Evening {+Blink rF+}
 18504 | Elf:1    | Entered Level 1 of the Elven Halls
 18720 | Snake:1  | Entered Level 1 of the Snake Pit
 18828 | Snake:1  | You are sucked into a shaft and drop 1 floor!
 18954 | Snake:1  | Reached skill level 18 in Fighting
 19102 | Snake:1  | Reached XP level 15. HP: 149/149 MP: 8/16
 19228 | Snake:1  | Noticed Donald
 19236 | Snake:1  | Mangled by Donald

Illustrated notes

Levels and vault maps discovered:
D:1:      lightli_iron_boxes, layout_rooms
D:2:      layout_loops_ring
D:3:      layout_rooms
D:4:      layout_cave_pools, mainiacjoe_overflow_surrounded_room,
          nicolae_overflow_crystal_walls, serial_co_window_serial,
          co_window_paths_b, co_window_corner_a, co_window_corner_a,
          co_window_corner_a, co_window_paths_a, co_window_of_opportunity_b,
          co_window_paths_c, co_window_broadway_b, co_window_broadway_b,
          co_window_corner_cb, co_window_paths_c, co_window_paths_e,
          kennysheep_pointless_box, small_statue_intersection, minmay_circle_x
D:5:      layout_basic, kennysheep_little_box, pf_just_have_faith,
          serial_bayou_crossing, uniq_duvessa
D:6:      layout_loops_cross, mainiacjoe_overflow_catwalk,
          nicolae_shop_sticking_my_neck_out, uniq_grinder, uniq_eustachio,
          uniq_edmund
D:7:      layout_basic, minmay_temple_entry_poolview, serial_shops,
          shop_fountains, enter_bailey_7
D:8:      layout_basic, tso_altar, uniq_psyche
D:9:      layout_big_octagon, general_overflow_altar,
          grunt_lair_entry_orc_guard_hut, serial_shops, shop
D:10:     layout_stronghold, grunt_temple_overflow_diamond
Temple:   hc_temple_tempest_star
Lair:1:   layout_cave_pods, nicolae_volcano_entry_hallway, uniq_harold,
          uniq_grum
Lair:2:   layout_chaotic_city, minmay_holes, infiniplex_staircase_pool,
          serial_bayou_shore_b, serial_bayou_shore_a
Lair:3:   layout_chaotic_city, minmay_shoals_entry_centaurs,
          guppyfry_snake_entry_island, beast_lair_carwin_10, grunt_megastairs_5
Lair:4:   layout_regular_city, minmay_slime_entry_pillars
Lair:5:   grunt_lair_end_beastmaster, layout_gridlike, minivault_11
Snake:1:  cheibrodos_snake_ritualist_ritual, layout_honeycomb, basic_altar,
          drop_trap, nicolae_snake_flat_spine, nicolae_snake_mages_go_home,
          uniq_donald
Snake:2:  layout_rooms, nicolae_integral_box
Orc:1:    lemuel_ogre_cave, layout_caves, basic_altar, serial_shops,
          nicolae_shop_stone, shop
Orc:2:    grunt_orc_cross, layout_caves, serial_shops,
          nicolae_shop_bloodbath_and_beyond
Elf:1:    elf_arrival_001, layout_loops_ring, minmay_elf_annihilation,
          drop_trap, uniq_asterion

Skill      XL: |  1  2  3  4  5  6  7  8  9 10 11 12 13 14 |
---------------+-------------------------------------------+-----
Axes           | 3 4 5 6 7 |  7.7
Fighting       | 4 5 6 7 9 11 12 13 15 16 18 | 18.2
Shields        | 4 5 6 7 8 10 11 12 | 12.2
Armour         | 4 5 6 7 8 9 10 12 | 12.4
Long Blades    | 6 9 12 14 15 16 | 16.0
Dodging        | 2 3 5 |  5.2
Invocations    | 1 |  1.9
Stealth        | 1 2 3 |  3.6

Action                     |  1- 3 |  4- 6 |  7- 9 | 10-12 | 13-15 || total
---------------------------+-------+-------+-------+-------+-------++-------
  Melee: War axe           |    69 |   115 |   188 |       |       ||   372
         Scimitar          |       |       |   130 |   590 |   855 ||  1575
         Double sword      |       |       |       |       |    12 ||    12
 Invoke: Heroism           |       |       |       |     3 |     3 ||     6
         Finesse           |       |       |       |     1 |     1 ||     2
  Evoke: Wand              |       |       |       |       |     2 ||     2
    Use: Scroll            |     5 |     7 |    12 |     8 |     2 ||    34
         Potion            |     5 |       |     3 |     7 |     2 ||    17
   Stab: Petrified         |       |       |       |       |    13 ||    13
 Armour: Scale mail        |    43 |    85 |   182 |   263 |       ||   573
         Skin              |       |       |       |     7 |       ||     7
         Ring mail         |       |       |       |    12 |    70 ||    82
         Plate armour      |       |       |       |       |   470 ||   470
  Dodge: Dodged            |    30 |    66 |   157 |   413 |   465 ||  1131
  Block: Buckler           |    14 |    39 |    91 |   214 |   313 ||   671

Table legend: (Time is in decaauts)
 A = Elapsed time spent in this place.
 B = Non-inter-level travel time spent in this place.
 C = Inter-level travel time spent in this place.
 D = Time resting spent in this place.
 E = Time spent auto-exploring this place.
 F = Levels seen in this place.
 G = Mean time per level.
                   A        B        C        D        E       F      G
               +--------+--------+--------+--------+--------+-----+--------+
         Total |  19033 |  17431 |   1602 |   2781 |  10834 |  21 |  906.3 |
       Dungeon |  10603 |   9635 |    968 |   1510 |   6308 |  10 | 1060.3 |
        Temple |    136 |     97 |     39 |      0 |     83 |   1 |  136.0 |
          Lair |   5848 |   5411 |    437 |    698 |   3562 |   5 | 1169.6 |
     Snake Pit |    493 |    493 |      0 |    221 |     58 |   2 |  246.5 |
  Orcish Mines |   1939 |   1784 |    155 |    352 |    823 |   2 |  969.5 |
   Elven Halls |     11 |     11 |      0 |      0 |      0 |   1 |   11.0 |
               +--------+--------+--------+--------+--------+-----+--------+

Top non-repeatable levels by time:
     D:7: 1614 daAuts
  Lair:2: 1546 daAuts
  Lair:3: 1444 daAuts
    D:10: 1325 daAuts
     D:4: 1318 daAuts
     D:5: 1314 daAuts
     D:6: 1099 daAuts
     D:9: 1060 daAuts
  Lair:5: 1049 daAuts
   Orc:1: 1021 daAuts
  Lair:1: 967 daAuts
   Orc:2: 918 daAuts
     D:8: 890 daAuts
  Lair:4: 840 daAuts
     D:3: 772 daAuts
